 Dungeon Crawl Stone Soup version 0.26-a0-524-g073066f631 (webtiles) character file.

Game seed: 4070885712541921182

268189 MrRokkomies the Stormcaller (level 18, -11/155 HPs)
             Began as a Demigod Venom Mage on Aug 12, 2020.
             Killed from afar by Margery (41 damage)
             ... with a bolt of fire
             ... on level 2 of the Vaults on Aug 13, 2020.
             The game lasted 02:23:28 (47037 turns).

MrRokkomies the Stormcaller (Demigod Venom Mage)   Turns: 47037, Time: 02:23:28

Health: -11/155    AC: 15    Str: 15    XL:     18   Next: 66%
Magic:  0/35       EV: 31    Int: 43    God:
Gold:   1081       SH:  5    Dex: 16    Spells: 9/33 levels left

rFire    + . .     SeeInvis +   a - +9 scimitar (flame)
rCold    + + +     Faith    .   t - +0 buckler
rNeg     + + .     Spirit   .   X - quicksilver dragon scales
rPois    .         Reflect  .   m - +0 hat "Nylediuc" {+Inv rF- rN++ Int+3}
rElec    +         Harm     .   s - +1 cloak of Starlight {rElec rC+ EV+4 Stlth--}
rCorr    .                      v - +2 pair of gloves
MR       +++..                  W - +0 pair of boots "Jeokk" {rC+ MR+ Int+6}
Stlth    ..........             L - amulet of Nadies {rF+ Regen+ Int+7 Slay+3}
HPRegen  0.75/turn              z - ring of see invisible
MPRegen  0.24/turn              D - ring of Wepnun Fomu {rElec rF+ EV+4}

@: no status effects
A: antennae 1, repulsion field 1, cold resistance 1, deterioration 1, high mp 1
}: 2/15 runes: decaying, gossamer
a: Evoke Invisibility


You were on level 2 of the Vaults.
You visited 6 branches of the dungeon, and saw 33 of its levels.
You visited 1 bazaar.
You also visited: Ossuary.

You collected 5257 gold pieces.
You spent 4176 gold pieces at shops.

Inventory:

Hand Weapons
 a - a +9 scimitar of flaming (weapon)
Missiles
 g - 7 curare-tipped darts
 u - 27 boomerangs (quivered)
Armour
 m - the +0 hat "Nylediuc" (worn) {+Inv rF- rN++ Int+3}
   (You found it on level 3 of the Lair of Beasts)

   It affects your intelligence (+3).
   It makes you vulnerable to fire.
   It greatly protects you from negative energy.
   It lets you turn invisible.
 s - the +1 cloak of Starlight (worn) {rElec rC+ EV+4 Stlth--}
   (You bought it in a shop on level 2 of the Orcish Mines)

   It affects your evasion (+4).
   It protects you from cold.
   It insulates you from electricity.
   It makes you much less stealthy.
 t - a +0 buckler (worn)
 v - a +2 pair of gloves (worn)
 W - the +0 pair of boots "Jeokk" (worn) {rC+ MR+ Int+6}
   (You bought it in a shop in a bazaar)

   It affects your intelligence (+6).
   It protects you from cold.
   It affects your resistance to hostile enchantments.
 X - quicksilver dragon scales (worn)
 Z - a +2 hat
Magical Staves
 b - an uncursed staff of poison
Jewellery
 i - a +6 ring of intelligence
 z - a ring of see invisible (left hand)
 D - the ring of Wepnun Fomu (right hand) {rElec rF+ EV+4}
   (You found it on level 5 of the Dungeon)

   [ring of evasion]

   It affects your evasion (+4).
   It protects you from fire.
   It insulates you from electricity.
 L - the amulet of Nadies (around neck) {rF+ Regen+ Int+7 Slay+3}
   (You bought it in a shop in a bazaar)

   [amulet of regeneration]

   It affects your intelligence (+7).
   It affects your accuracy and damage with ranged weapons and melee attacks
   (+3).
   It protects you from fire.
   It increases your rate of regeneration.
Wands
 F - a wand of disintegration (11)
 G - a wand of enslavement (28)
 J - a wand of paralysis (37)
 M - a wand of iceblast (35)
 P - a wand of acid (6)
 Q - a wand of digging (11)
Scrolls
 c - 10 scrolls of identify
 k - 7 scrolls of enchant armour
 l - 7 scrolls of magic mapping
 n - 9 scrolls of teleportation
 w - 2 scrolls of immolation
 x - a scroll of summoning
 y - a scroll of brand weapon
 C - 7 scrolls of fog
 H - 18 scrolls of remove curse
 I - 3 scrolls of silence
 U - 4 scrolls of fear
 Y - a scroll of blinking
Potions
 d - 7 potions of lignification
 f - 2 potions of might
 h - 9 potions of curing
 j - 2 potions of flight
 o - 4 potions of magic
 p - a potion of haste
 q - 6 potions of mutation
 r - 12 potions of ambrosia
 B - 2 potions of heal wounds
 E - a potion of resistance
 O - 3 potions of berserk rage
 R - 2 potions of brilliance
 S - 2 potions of cancellation
 V - 3 potions of invisibility
Miscellaneous
 e - a condenser vane (2/2)
 A - a tin of tremorstones (3/3)
 K - a lightning rod (4/4)
 N - a phial of floods
 T - a box of beasts (1/3)


   Skills:
 * Level 12.5 Fighting
 * Level 12.5 Long Blades
 - Level 15.0 Dodging
 - Level 1.7 Stealth
 - Level 4.0 Shields
 - Level 8.3 Spellcasting
 - Level 10.0 Conjurations
 - Level 4.0 Transmutations
 - Level 15.0 Air Magic
 - Level 8.0 Poison Magic
 + Level 9.4 Evocations


You had 9 spell levels left.
You knew the following spells:

 Your Spells              Type           Power        Failure   Level
b - Poisonous Vapours     Pois/Air       ######       1%          2
c - Mephitic Cloud        Conj/Pois/Air  #######.     1%          3
d - Ignite Poison         Fire/Tmut/Pois ######..     1%          3
e - Olgreb's Toxic Radia  Pois           ######..     1%          4
f - Static Discharge      Conj/Air       #######.     1%          3
g - Airstrike             Air            #######...   1%          4
h - Lightning Bolt        Conj/Air       #######...   1%          5

Your spell library contained the following spells:

 Spells                   Type           Power        Failure   Level
 Swiftness                Air            #######.     0%          2
 Magic Dart               Conj           ####         1%          1
 Shock                    Conj/Air       ####         1%          1
 Sting                    Tmut/Pois      ####         1%          1
 Conjure Flame            Conj/Fire      ######..     1%          3
 Dazzling Flash           Conj/Hex       ######       1%          3
 Animate Skeleton         Necr           ###...       3%          1
 Apportation              Tloc           ###...       3%          1
 Corona                   Hex            ###....      3%          1
 Freeze                   Ice            ###.         3%          1
 Summon Small Mammal      Summ           ###.         3%          1
 Blink                    Tloc           N/A          4%          2
 Call Imp                 Summ           ###.....     4%          2
 Ensorcelled Hibernation  Hex/Ice        ###...       4%          2
 Slow                     Hex            ###.....     4%          2
 Hailstorm                Conj/Ice       ######..     4%          4
 Irradiate                Conj/Tmut      ######....   5%          5
 Confusing Touch          Hex            ###.....     10%         3
 Frozen Ramparts          Ice            ###...       10%         3
 Gell's Gravitas          Tloc           ###.......   10%         3
 Inner Flame              Hex/Fire       ###.....     10%         3
 Lesser Beckoning         Tloc           ###.......   10%         3
 Ozocubu's Armour         Ice            ###.....     10%         3
 Portal Projectile        Hex/Tloc       ###...       10%         3
 Teleport Other           Tloc           ###.....     10%         3
 Tukima's Dance           Hex            ###.....     10%         3
 Petrify                  Tmut/Erth      #####...     14%         4
 Cause Fear               Hex            ###.......   32%         4
 Leda's Liquefaction      Hex/Erth       ###.......   32%         4
 Passage of Golubria      Tloc           N/A          32%         4
 Summon Ice Beast         Ice/Summ       ###.....     32%         4
 Yara's Violent Unravell  Hex/Tmut       #####.....   38%         5
 Metabolic Englaciation   Hex/Ice        ###.......   67%         5
 Hydra Form               Tmut           ######....   69%         6
 Statue Form              Tmut/Erth      #####....    92%         6
 Dragon Form              Tmut           ######....   99%         7


Dungeon Overview and Level Annotations

Branches:
Dungeon (15/15)            Temple (0/1) D:7            Lair (6/6) D:11
  Swamp (4/4) Lair:3       Spider (4/4) Lair:4        Slime (0/5) Lair:6
    Orc (2/2) D:12            Elf (0/3) Orc:2        Vaults (2/5) D:14
  Crypt (0/3) Vaults:2     Depths (0/5) D:15        Ossuary (visited)

Shops:
D:6 (   D:13 }?(   D:14 }:   Orc:1 :   Orc:2 [:(*(

Annotations:
D:10 exclusion: 2 oklob plants
D:11 2 runed translucent doors, Sickboy's ghost, journeyman HOFi
Vaults:2 Margery


Innate Abilities, Weirdness & Mutations

You have an increased reservoir of magic. (+10% MP)
You have a pair of small antennae on your head.
You are surrounded by a mild repulsion field. (EV +2)
Your flesh is cold resistant. (rC+)
Your body sometimes deteriorates upon taking damage.


Message History

The hell knight gestures wildly while chanting.
The hell knight seems to speed up.
Margery casts a spell at you.
The fireball explodes!
The fireball engulfs your juvenile batweird beast!!
Your juvenile batweird beast dies!
Your juvenile batweird beast's corpse disappears in a puff of smoke!
The fireball engulfs Margery.
Margery resists.
The fireball engulfs you!! You resist.
* * * LOW HITPOINT WARNING * * *
Casting: Airstrike (safe; 1% risk of failure)
Confirm with . or Enter, or press ? or * to list all spells.
Aiming: Airstrike (safe; 1% risk of failure)
Press: ? - help, Dir - move target cursor, f/p - Margery
Aim: Margery, wielding a +3 glaive and wearing +0 fire dragon scales (almost dead, soul bound)
The air twists around and strikes Margery!
Margery is almost dead.
Margery points at you and mumbles some strange words.
The bolt of fire hits you!!! You resist.
You die...

########### #######......#...
#.#...#......#...
#.#...#......#... #
#[.)..'......#... ###.
###.#...#......#... #....
#.#.#...#......#...
#..H#.#.#...#......#...
#..p@)@.#...#......'...
#...#.#.#...#......#... #..
#.#.#...########'## #.
#.#.#...##.#...#.# # #.#.#
#.##.##)# ##### #..8.8.)#
######### #..[)..(# #.......#
#..8.8..#
#.......#############.##.##.#


You could see Margery (soul bound), a hell knight (fast, soul bound, very
poisoned) and a friendly juvenile shockox beast (summoned).

Vanquished Creatures
  Rupert (Lair:3)
  Asterion (Spider:4)
  Jorgrun (Orc:2)
  An ancient champion (Vaults:2)
  2 thorn hunters (Swamp:4)
  Donald (Swamp:3)
  Kirke (Lair:6)
  7 ghost moths
  A vault warden (Vaults:2)
  An orc warlord (Orc:2)
  4 emperor scorpions
  A ghoul (Swamp:1)
  A very ugly thing (Vaults:1)
  3 ironheart preservers (Vaults:1)
  8 entropy weavers
  Nessos (Lair:6)
  14 slime creatures
  The ghost of ReteAZ the Carver, a journeyman GnCK of Xom (Lair:3)
  A dire elephant (Lair:6)
  Josephine (Lair:6)
  A jiangshi (Vaults:2)
  3 yaktaur captains
  2 great orbs of eyes
  31 hydras
  6 vault guards
  2 shambling mangroves
  3 ice dragons
  Fannar (Lair:2)
  A ghost crab (Swamp:3)
  8 two-headed ogres
  3 catoblepae
  8 centaur warriors
  3 ogre magi
  12 alligators
  A deep troll shaman (Vaults:1)
  14 death yaks
  2 tengu warriors (D:13)
  10 orc high priests (Orc:2)
  A spriggan berserker (Swamp:4)
  8 spriggans
  Sonja (Orc:2)
  Urug (D:11)
  Nergalle (Lair:3)
  2 skeletal warriors (D:15)
  2 hell knights (Vaults:2)
  4 spriggan druids
  9 swamp dragons
  6 deep trolls (Vaults:1)
  2 unseen horrors (Vaults:1)
  2 ironbrand convokers
  Pikel (D:5)
  A wizard (Vaults:2)
  3 necromancers
  6 orc knights
  14 orb spiders
  26 wolf spiders
  A fire giant zombie (D:15)
  2 phantasmal warriors
  11 ugly things
  6 deep elf magi
  4 manticores
  A stone giant zombie (D:15)
  9 cyclopes
  7 elephants
  4 moths of wrath
  A frost giant skeleton (Vaults:2)
  A human skeleton (Vaults:2)
  11 black mambas
  5 vault sentinels
  6 torpor snails
  8 komodo dragons
  4 gargoyles
  19 cane toads
  An elf skeleton (D:15)
  A kobold demonologist (D:13)
  2 rime drakes (shapeshifter)
  4 yaktaurs (Vaults:1)
  A yaktaur (shapeshifter) (Vaults:2)
  12 demonic crawlers
  2 efreet
  5 tengu conjurers
  5 trolls
  42 jumping spiders
  A queen bee (D:10)
  A queen bee (shapeshifter) (Vaults:1)
  20 hornets
  9 polar bears (Lair:6)
  An ettin zombie (D:15)
  6 tyrant leeches
  24 blink frogs
  18 bog bodies
  2 dream sheep (Lair:6)
  13 hippogriffs
  4 shadows
  35 tarantellas
  82 redbacks
  9 wraiths
  Sigmund (D:3)
  A vampire (D:15)
  6 wyverns
  40 yaks
  Grum (D:9)
  6 hogs (Lair:6)
  6 basilisks
  4 vampire mosquitoes (Swamp:4)
  A yaktaur simulacrum (Vaults:1)
  Menkaure (D:4)
  17 swamp worms
  A soldier ant (D:11)
  An acid dragon (D:11)
  24 insubstantial wisps
  16 wargs
  17 hell hounds (Lair:6)
  12 water moccasins
  4 porcupines
  Duvessa (D:5)
  22 orc warriors
  4 ice beasts
  An ettin simulacrum (Vaults:2)
  12 swamp drakes
  3 sky beasts
  2 eyes of draining
  14 black bears
  2 phantoms
  16 wolves
  5 necrophages
  16 ogres
  3 boggarts (D:14)
  23 centaurs
  2 lemures (D:5)
  6 crocodiles
  A big kobold (D:11)
  16 bullfrogs
  Dowan (D:5)
  2 wyvern skeletons
  19 scorpions
  A human simulacrum (Vaults:2)
  25 killer bees (D:10)
  20 wights
  5 howler monkeys
  9 electric eels
  2 bullfrog zombies
  8 centaur zombies
  2 quasits
  A gnoll shaman (D:8)
  2 human zombies (Ossuary)
  46 orc priests
  2 bullfrog skeletons
  6 hounds
  4 jellies
  6 centaur skeletons
  Ijyb (D:3)
  4 iguanas
  26 orc wizards
  Natasha (D:3)
  A hell rat (Lair:6)
  12 worker ants
  2 big kobold zombies (Ossuary)
  2 hound skeletons
  3 mummies (Ossuary)
  A worker ant zombie (D:9)
  5 gnolls (D:8)
  2 howler monkey skeletons (D:7)
  3 scorpion zombies (Ossuary)
  11 adders
  4 white imps
  4 ufetubi
  3 oozes
  An adder skeleton (D:4)
  4 worms
  A dart slug (D:4)
  6 leopard geckos
  130 orcs
  2 ball pythons
  8 giant cockroaches
  A gnoll zombie (Ossuary)
  7 goblins
  4 hobgoblins
  11 jackals
  6 quokkas
  8 bats
  3 frilled lizards
  2 goblin zombies (Ossuary)
  9 kobolds
  2 kobold zombies (Ossuary)
  6 orc zombies (Ossuary)
  7 rats
  A plant (Lair:6)
1426 creatures vanquished.

Vanquished Creatures (others)
  A hydra (Swamp:3)
  2 cane toads
  A warg (D:11)
  An ogre (D:11)
  2 fungi (Lair:3)
  11 plants
  5 withered plants (D:15)
23 creatures vanquished.

Grand Total: 1449 creatures vanquished

Notes
Turn   | Place    | Note
-------+----------+-------------------------------------------
     0 | D:1      | MrRokkomies the Demigod Venom Mage began the quest for the
                  | Orb.
     0 | D:1      | Reached XP level 1. HP: 14/14 MP: 5/5
    70 | D:1      | Reached skill level 1 in Transmutations
   178 | D:1      | Reached XP level 2. HP: 10/20 MP: 0/7
  1155 | D:1      | Found a bloodstained altar of Trog.
  1436 | D:2      | Reached XP level 3. HP: 26/26 MP: 6/8
  1901 | D:2      | Learned a level 2 spell: Poisonous Vapours
  1905 | D:2      | Learned a level 3 spell: Mephitic Cloud
  2010 | D:3      | Reached XP level 4. HP: 8/33 MP: 10/10
  2399 | D:3      | Noticed Natasha
  2400 | D:3      | Found an opulent altar of Gozag.
  2400 | D:3      | Found a bloodstained altar of Trog.
  2404 | D:3      | Killed Natasha
  2405 | D:3      | Found a sacrificial altar of Ru.
  2485 | D:3      | Found a shimmering altar of Xom.
  2514 | D:3      | Found an ornate altar of the Wu Jian Council.
  2543 | D:3      | Found a faded altar of an unknown god.
  2906 | D:3      | Noticed Sigmund
  3042 | D:3      | Killed Sigmund
  3042 | D:3      | Reached XP level 5. HP: 32/38 MP: 3/11
  3453 | D:3      | Noticed Ijyb
  3467 | D:3      | Killed Ijyb
  3467 | D:3      | Reached XP level 6. HP: 45/45 MP: 11/13
  4296 | D:4      | Found a sand-covered staircase.
  4300 | Ossuary  | Entered an ossuary
  4351 | Ossuary  | Learned a level 3 spell: Ignite Poison
  4591 | Ossuary  | Reached XP level 7. HP: 11/50 MP: 14/14
  4841 | Ossuary  | Reached skill level 5 in Poison Magic
  5277 | Ossuary  | Gained mutation: You are occasionally teleported next to
                  | monsters. [potion of mutation]
  5277 | Ossuary  | Gained mutation: You have supernaturally acute eyesight.
                  | (SInv) [potion of mutation]
  5669 | Ossuary  | Reached skill level 5 in Dodging
  5957 | Ossuary  | Learned a level 4 spell: Olgreb's Toxic Radiance
  6366 | D:4      | Reached XP level 8. HP: 55/57 MP: 8/16
  6774 | D:4      | Noticed Menkaure
  6788 | D:4      | Killed Menkaure
  6948 | D:5      | Entered Level 5 of the Dungeon
  6948 | D:5      | Found a shimmering altar of Xom.
  6951 | D:5      | Got a transparent lead ring
  6952 | D:5      | Identified the ring of Wepnun Fomu {rElec rF+ EV+4} (You
                  | found it on level 5 of the Dungeon)
  7255 | D:5      | Noticed Duvessa
  7255 | D:5      | Noticed Dowan
  7259 | D:5      | Killed Duvessa
  7259 | D:5      | Killed Dowan
  7771 | D:5      | Reached skill level 1 in Fighting
  7795 | D:5      | Noticed Pikel
  7800 | D:5      | Killed Pikel
  7800 | D:5      | Reached XP level 9. HP: 68/68 MP: 10/18
  8650 | D:5      | Learned a level 3 spell: Static Discharge
  8749 | D:6      | Reached skill level 1 in Air Magic
  8786 | D:6      | Found Vaepis's Antique Weapon Emporium.
  8803 | D:6      | Bought a slimy long sword for 263 gold pieces
  8803 | D:6      | Identified the cursed +1 long sword of Qec Qyoh {vorpal,
                  | rC+ Dex+4 SInv} (You bought it in a shop on level 6 of the
                  | Dungeon)
  9375 | D:7      | Upgraded the game from 0.26-a0-520-g952f204493 to
                  | 0.26-a0-524-g073066f631
  9749 | D:7      | Identified the +1 dire flail "Killer Bee's Foe" {protect,
                  | rN+}
  9749 | D:7      | Found an opulent altar of Gozag.
  9990 | D:7      | Found a staircase to the Ecumenical Temple.
 10677 | D:8      | Lost mutation: You are occasionally teleported next to
                  | monsters. [potion of mutation]
 10677 | D:8      | Lost mutation: You have supernaturally acute eyesight.
                  | (SInv) [potion of mutation]
 10677 | D:8      | Gained mutation: Your flesh is cold resistant. (rC+)
                  | [potion of mutation]
 10677 | D:8      | Gained mutation: You are surrounded by a mild repulsion
                  | field. (EV +2) [potion of mutation]
 10677 | D:8      | Gained mutation: You have a pair of small antennae on your
                  | head. [potion of mutation]
 10740 | D:8      | Reached skill level 5 in Fighting
 10814 | D:8      | Reached XP level 10. HP: 70/81 MP: 4/19
 11308 | D:9      | Found a snail-covered altar of Cheibriados.
 11326 | D:9      | Noticed Grum
 11330 | D:9      | Killed Grum
 11566 | D:9      | Identified a scroll of acquirement
 11566 | D:9      | Acquired 1910 gold pieces
 11888 | D:9      | Got a brightly glowing short sword
 11889 | D:9      | Identified the cursed +3 short sword "Ciphorgh" {vamp,
                  | rPois Int+4 Dex+4} (You found it on level 9 of the Dungeon)
 11927 | D:9      | Reached skill level 5 in Air Magic
 12384 | D:9      | Found a blossoming altar of Fedhas.
 12626 | D:10     | Entered Level 10 of the Dungeon
 13802 | D:10     | Found a blossoming altar of Fedhas.
 13805 | D:10     | Noticed an oklob plant
 13805 | D:10     | Noticed an oklob plant
 13951 | D:11     | Noticed a purple ugly thing
 13957 | D:11     | Killed a purple ugly thing
 13957 | D:11     | Reached skill level 1 in Shields
 13957 | D:11     | Reached XP level 11. HP: 92/92 MP: 7/20
 13982 | D:11     | Found a staircase to the Lair.
 14023 | D:11     | Found a flickering gateway to a bazaar.
 14028 | Bazaar   | Entered a bazaar
 14253 | Bazaar   | Found Fush's Jewellery Boutique.
 14257 | Bazaar   | Bought the amulet of Nadies {rF+ Regen+ Int+7 Slay+3} for
                  | 641 gold pieces
 14267 | Bazaar   | Found Rushe's General Store.
 14267 | Bazaar   | Found Uzxoceilo's Armour Boutique.
 14267 | Bazaar   | Found Idiaqayt's General Store.
 14283 | Bazaar   | Bought the +0 pair of boots "Jeokk" {rC+ MR+ Int+6} for 477
                  | gold pieces
 14283 | Bazaar   | Bought quicksilver dragon scales for 780 gold pieces
 14304 | Bazaar   | Bought 3 scrolls of enchant armour for 292 gold pieces
 14937 | D:11     | Found a runed translucent door.
 14938 | D:11     | Noticed a fire giant
 14938 | D:11     | Noticed a skeletal warrior
 14938 | D:11     | Noticed a frost giant
 14939 | D:11     | Noticed a lich
 15004 | D:11     | Noticed Sickboy's ghost (journeyman HOFi)
 15005 | D:11     | Noticed a necromancer
 15006 | D:11     | Found a runed translucent door.
 15105 | D:11     | Noticed Urug
 15111 | D:11     | Killed Urug
 15441 | D:11     | Identified the cursed +1 ring mail of Filigreed Mirth {MR+
                  | Str+2 Dex-5} (You found it on level 11 of the Dungeon)
 15860 | D:12     | Found a staircase to the Orcish Mines.
 15979 | D:12     | Noticed a six-headed hydra
 15996 | D:12     | Killed a six-headed hydra
 17461 | Orc:1    | Entered Level 1 of the Orcish Mines
 17463 | Orc:1    | Found Exeijite's Book Boutique.
 17519 | Orc:1    | Reached skill level 10 in Fighting
 17778 | Orc:2    | Entered Level 2 of the Orcish Mines
 17778 | Orc:2    | Noticed Jorgrun
 17783 | Orc:2    | Killed Jorgrun
 17783 | Orc:2    | Reached XP level 12. HP: 106/106 MP: 9/21
 18108 | Orc:2    | Noticed an orc warlord
 18123 | Orc:2    | Killed an orc warlord
 18123 | Orc:2    | Reached skill level 10 in Air Magic
 18207 | Orc:2    | Reached skill level 1 in Conjurations
 18606 | Orc:2    | Found a staircase to the Elven Halls.
 18680 | Orc:2    | Noticed Sonja
 18684 | Orc:2    | Killed Sonja
 19141 | Orc:2    | Gained mutation: Your body sometimes deteriorates upon
                  | taking damage. [a neqoxec]
 19312 | Orc:2    | Found a roughly hewn altar of Beogh.
 19320 | Orc:2    | Found Suigieh's Antique Weapon Shop.
 19333 | Orc:2    | Found Gadwum's General Store.
 19339 | Orc:2    | Reached skill level 10 in Dodging
 19448 | Orc:2    | Found Kigagel's Armour Emporium.
 19448 | Orc:2    | Found Xuta Zac's Book Shop.
 19572 | Orc:2    | Found Voequmm's Weapon Shoppe.
 19842 | Orc:2    | Bought the +1 cloak of Starlight {rElec rC+ EV+4 Stlth--}
                  | for 623 gold pieces
 19842 | Orc:2    | Found the +1 cloak of Starlight {rElec rC+ EV+4 Stlth--}
 19944 | Lair:1   | Entered Level 1 of the Lair of Beasts
 19979 | Lair:1   | Reached skill level 5 in Conjurations
 19979 | Lair:1   | Reached XP level 13. HP: 113/113 MP: 14/22
 20141 | Lair:1   | Identified the +6 trident of Greatest Utility {venom, Int-3
                  | Dex+4} (You found it on level 1 of the Lair of Beasts)
 20676 | Lair:2   | Noticed Fannar
 20681 | Lair:2   | Killed Fannar
 21733 | Lair:3   | Noticed Nergalle
 21740 | Lair:3   | Killed Nergalle
 21746 | Lair:3   | Learned a level 4 spell: Airstrike
 22275 | Lair:3   | Found a transporter.
 22276 | Lair:3   | Noticed ReteAZ's ghost (journeyman GnCK)
 22338 | Lair:3   | Found a transporter.
 22427 | Lair:3   | Found a staircase to the Swamp.
 22434 | Lair:3   | Reached skill level 5 in Spellcasting
 22585 | Lair:3   | Noticed Rupert
 22608 | Lair:3   | Killed Rupert
 23457 | Lair:4   | Found a hole to the Spider Nest.
 24244 | Lair:5   | Reached XP level 14. HP: 81/121 MP: 23/26
 24251 | Lair:5   | Got a faintly glowing scale mail
 24262 | Lair:5   | Identified the +5 scale mail "Hiadd" {Dex+4} (You found it
                  | on level 5 of the Lair of Beasts)
 25462 | Lair:6   | Entered Level 6 of the Lair of Beasts
 25465 | Lair:6   | Noticed Josephine
 25471 | Lair:6   | Killed Josephine
 25478 | Lair:6   | Noticed Nessos
 25589 | Lair:5   | Learned a level 5 spell: Lightning Bolt
 25694 | Lair:6   | Killed Nessos
 25910 | Lair:6   | Found a staircase to the Slime Pits.
 26179 | Lair:6   | Noticed Kirke
 26190 | Lair:6   | Killed Kirke
 27253 | Lair:6   | Identified the +8 shortbow "MrRokkomies's Regret" {flame,
                  | rPois rF- rC+ SInv} (You found it on level 6 of the Lair of
                  | Beasts)
 27707 | Lair:6   | Reached XP level 15. HP: 69/126 MP: 10/30
 28525 | D:13     | You fall into a shaft and drop 2 floors!
 28525 | D:15     | Entered Level 15 of the Dungeon
 29085 | D:15     | Found a staircase to the Depths.
 29422 | D:15     | Reached skill level 10 in Conjurations
 29629 | D:14     | Found Diorph's Gadget Boutique.
 29640 | D:14     | Bought a condenser vane (2/2) for 220 gold pieces
 29640 | D:14     | Bought a tin of tremorstones (3/3) for 440 gold pieces
 29640 | D:14     | Bought a lightning rod (4/4) for 440 gold pieces
 29715 | D:13     | Found Helyiz's Gadget Shop.
 29772 | D:13     | Found Weyruwk's Antique Weapon Boutique.
 29968 | D:13     | Found Zukymix's Magic Scroll Shop.
 30105 | D:13     | Reached skill level 1 in Evocations
 30655 | D:14     | Found a gate to the Vaults.
 31433 | D:14     | Got a crude dagger
 31434 | D:14     | Identified the cursed +1 dagger of Bile {protect, rC+} (You
                  | found it on level 14 of the Dungeon)
 31593 | D:14     | Found Qaotinn's Book Emporium.
 33449 | Swamp:1  | Entered Level 1 of the Swamp
 33501 | Swamp:1  | Reached skill level 1 in Long Blades
 34034 | Swamp:1  | Reached XP level 16. HP: 107/134 MP: 33/33
 35967 | Swamp:3  | Identified the +5 great sword of Leiriut {vorpal, +Blink
                  | Int-3 Dex+2} (You found it on level 3 of the Swamp)
 35971 | Swamp:3  | Noticed Donald
 35976 | Swamp:3  | Killed Donald
 36439 | Swamp:3  | Reached skill level 5 in Long Blades
 36869 | Swamp:4  | Entered Level 4 of the Swamp
 37733 | Swamp:4  | Reached skill level 5 in Evocations
 38594 | Swamp:4  | Reached skill level 15 in Air Magic
 38732 | Swamp:4  | Got a decaying rune of Zot
 39032 | Spider:1 | Entered Level 1 of the Spider Nest
 39578 | Spider:1 | Reached XP level 17. HP: 129/140 MP: 15/34
 40912 | Spider:2 | Reached skill level 15 in Dodging
 42133 | Spider:3 | Reached skill level 10 in Long Blades
 42369 | Spider:4 | Entered Level 4 of the Spider Nest
 42821 | Spider:4 | Noticed Asterion
 42829 | Spider:4 | Killed Asterion
 43769 | Spider:4 | Reached XP level 18. HP: 38/151 MP: 0/35
 43976 | Spider:4 | Got a gossamer rune of Zot
 44365 | Lair:3   | Killed ReteAZ's ghost
 44370 | Lair:3   | Got an ancient hat
 44381 | Lair:3   | Identified the +0 hat "Nylediuc" {+Inv rF- rN++ Int+3} (You
                  | found it on level 3 of the Lair of Beasts)
 44624 | Vaults:1 | Entered Level 1 of the Vaults
 46364 | Vaults:2 | Found a staircase to the Crypt.
 47020 | Vaults:2 | Noticed Margery
 47037 | Vaults:2 | Killed from afar by Margery

Illustrated notes

Levels and vault maps discovered:
D:1:      dpeg_arrival_water_altar, layout_basic
D:2:      layout_basic
D:3:      layout_basic, minitemple, old_standard_altar,
          chequers_ecumenical_altar_simple_redux, uniq_sigmund, uniq_natasha,
          uniq_ijyb
D:4:      layout_cave_pools, nicolae_ossuary_entry_false_entrances,
          kennysheep_generic_room_2, uniq_menkaure
D:5:      layout_loops_ring, basic_altar, chequers_serial_rivers_marsh,
          minivault_11, uniq_pikel, uniq_duvessa
D:6:      layout_gridville, serial_shops, shop
D:7:      layout_cave_pods, minmay_temple_entry_mini_moons,
          minmay_misc_feat_five, nicolae_gozag_seed_capital
D:8:      layout_rooms
D:9:      layout_loops_cross, fedhas_altar_4, basic_altar, uniq_grum
D:10:     layout_roguey [special_room_bee], hangedman_tree_tricks,
          kennysheep_boxes
D:11:     layout_roguey, erik_lair_orcish_takeover, serial_shops, freezing_bzr,
          muffindrake_ghost_dual_entry, gauntlet_entry_generic, uniq_urug
D:12:     layout_layer_cave, david_orc_3
D:13:     minmay_bloctagon, layout_gridville, serial_glass, glass_columns_b,
          glass_columns_a, serial_shops, shop, kennysheep_little_box,
          kennysheep_mini, kennysheep_big_empty_room
D:14:     layout_basic, lightli_vaults_fourway_checkpoint, serial_curves,
          eino_curves_03, eino_curves_01, chequers_serial_rivers_marsh,
          serial_shops, shop_fountains, shop, minmay_misc_feat_roman,
          minmay_misc_feat_tiny
D:15:     gammafunk_depths_entry_grave, layout_loops_corners,
          minmay_misc_feat_rugged, chequers_avenue
Lair:1:   layout_hall_layers, chequers_serial_rivers_micro_e
Lair:2:   layout_regular_city, cheibrodos_lair_caveside_slide,
          minmay_hedge_maze, uniq_fannar
Lair:3:   layout_loops_ring, minmay_swamp_entry_reptiles,
          gammafunk_ghost_berserking_beasts, uniq_rupert, uniq_nergalle
Lair:4:   layout_cave_pods, spider_nest_entry_funnel_web
Lair:5:   layout_small_grid, worms_lemuel, infiniplex_staircase_pool_2
Lair:6:   hangedman_lair_in_review, layout_gridlike,
          hangedman_lair_caniforms_friends, nicolae_slime_entry_slimehenge,
          uniq_nessos, uniq_kirke, uniq_josephine
Swamp:1:  layout_basic_swamp, evilmike_swamp_ruin_house_1, swamp_pool1,
          hangedman_swamp_ravenous
Swamp:2:  layout_basic_swamp, nicolae_swamp_rocky_clearing, swamp_pool2
Swamp:3:  layout_falls_marsh, evilmike_swamp_ruin_house_2, uniq_donald
Swamp:4:  swamp_basic_johnstein, layout_basic_swamp, swamp_pool3
Spider:1: layout_spider_delve
Spider:2: layout_spider_delve, nicolae_spider_cling_ruins
Spider:3: layout_spider_delve
Spider:4: spider_rune_water, uniq_asterion
Orc:1:    layout_caves, serial_shops, shop_fountains
Orc:2:    st_orc_town, layout_caves, serial_shops, shop, uniq_jorgrun,
          uniq_sonja
Vaults:1: nicolae_vaults_big_angled_halls, nicolae_vaults_little_ls, v_misc_1,
          nicolae_vaults_ninety_degrees, v_misc_17, v_misc_2, v_misc_16,
          nicolae_vaults_asterisk, v_misc_26, st_more_cells, vaults_dpeg_hooks,
          ontoclasm_vaults_loading_screen, v_pattern_1,
          vaults_dpeg_encased_lava, layout_vaults_ring
Vaults:2: v_misc_33, vaults_standard_mumra_x, vaults_room_semicircle,
          minmay_crypt_entry_simple_sparse, nicolae_vaults_network_barrier,
          ontoclasm_vaults_chip, v_alt_pattern_6, ontoclasm_vaults_eye,
          vaults_room_hallway, vaults_room_pool, vaults_mumra_lcd,
          layout_vaults_omnibox, uniq_margery

Skill      XL: |  1  2  3  4  5  6  7  8  9 10 11 12 13 14 15 16 17 18 |
---------------+-------------------------------------------------------+-----
Transmutations | 1 2 3 4 |  4.0
Dodging        | 2 3 4 5 7 8 10 11 13 14 15 | 15.0
Poison Magic   | 3 4 5 7 8 |  8.0
Spellcasting   | 2 3 4 5 7 8 |  8.3
Fighting       | 2 5 7 10 11 12 | 12.5
Air Magic      | 3 6 9 10 11 12 13 15 | 15.0
Shields        | 1 4 |  4.0
Conjurations   | 5 8 9 10 | 10.0
Evocations     | 3 5 8 9 |  9.4
Long Blades    | 2 7 11 12 | 12.5
Stealth        | |  1.7

Action                   |  1- 3 |  4- 6 |  7- 9 | 10-12 | 13-15 | 16-18 || total
-------------------------+-------+-------+-------+-------+-------+-------++-------
Melee: Unarmed           |    20 |     8 |       |       |       |       ||    28
       Dagger            |    28 |    88 |       |       |       |       ||   116
       Mace              |       |   117 |   402 |       |       |       ||   519
       Whip              |       |     8 |       |       |       |       ||     8
       Long sword        |       |       |   143 |    83 |       |       ||   226
       Short sword       |       |       |       |   639 |  1803 |       ||  2442
       Staff             |       |       |       |    10 |     4 |    48 ||    62
       Scimitar          |       |       |       |       |    89 |   920 ||  1009
 Fire: Hunting sling     |     6 |       |       |       |       |       ||     6
Throw: Boomerang         |       |     1 |     6 |     4 |       |     2 ||    13
 Cast: Sting             |    42 |    21 |    41 |     9 |       |       ||   113
       Poisonous Vapours |     3 |    20 |    19 |    55 |    43 |    64 ||   204
       Olgreb's Toxic Ra |       |       |    10 |    42 |    57 |    58 ||   167
       Ignite Poison     |       |       |    15 |    41 |    41 |    46 ||   143
       Mephitic Cloud    |       |       |     6 |     7 |    10 |     6 ||    29
       Static Discharge  |       |       |       |    14 |    63 |    15 ||    92
       Airstrike         |       |       |       |       |   114 |   158 ||   272
       Lightning Bolt    |       |       |       |       |     8 |     9 ||    17
Evoke: Wand              |       |       |     8 |    23 |       |     3 ||    34
       Lightning rod     |       |       |       |       |       |     3 ||     3
       Box of beasts     |       |       |       |       |       |     2 ||     2
  Use: Scroll            |     2 |     5 |    10 |    12 |    24 |     6 ||    59
       Potion            |       |       |     8 |     2 |     1 |     9 ||    20
 Stab: Sleeping          |     2 |     3 |     7 |     6 |       |       ||    18
       Distracted        |       |       |     1 |       |       |     1 ||     2
       Paralysed         |       |       |       |    11 |       |       ||    11
       Petrified         |       |       |       |       |     4 |       ||     4
       Confused          |       |       |       |       |     1 |     1 ||     2
Armor: Ring mail         |    19 |       |       |       |       |       ||    19
       Robe              |     1 |    16 |       |       |       |       ||    17
       Skin              |       |     1 |       |       |       |       ||     1
       Leather armour    |       |    85 |   159 |    42 |       |       ||   286
       Quicksilver drago |       |       |       |   112 |   380 |   331 ||   823
Dodge: Dodged            |    41 |   213 |   566 |   914 |  2524 |  1807 ||  6065
Block: Other             |       |       |    68 |    72 |       |       ||   140
       Buckler           |       |       |       |   211 |   661 |   405 ||  1277
       Reflection        |       |       |       |     4 |       |       ||     4
       Rpst.: Long sword |       |       |    55 |    32 |       |       ||    87
       Scimitar          |       |       |       |       |    23 |   230 ||   253

Table legend: (Time is in decaauts)
 A = Elapsed time spent in this place.
 B = Non-inter-level travel time spent in this place.
 C = Inter-level travel time spent in this place.
 D = Time resting spent in this place.
 E = Time spent auto-exploring this place.
 F = Levels seen in this place.
 G = Mean time per level.
                   A        B        C        D        E       F      G
               +--------+--------+--------+--------+--------+-----+--------+
         Total |  47949 |  45971 |   1978 |   7407 |  28607 |  35 | 1370.0 |
       Dungeon |  21196 |  20308 |    888 |   2945 |  13096 |  15 | 1413.1 |
          Lair |   8694 |   8133 |    561 |    408 |   5735 |   6 | 1449.0 |
         Swamp |   5856 |   5667 |    189 |    863 |   3829 |   4 | 1464.0 |
   Spider Nest |   5190 |   5050 |    140 |   1540 |   2617 |   4 | 1297.5 |
  Orcish Mines |   2421 |   2274 |    147 |    200 |   1359 |   2 | 1210.5 |
        Vaults |   2356 |   2306 |     50 |    348 |   1465 |   2 | 1178.0 |
        Bazaar |    400 |    400 |      0 |    100 |    251 |   1 |  400.0 |
       Ossuary |   1832 |   1832 |      0 |   1002 |    254 |   1 | 1832.0 |
               +--------+--------+--------+--------+--------+-----+--------+

Top non-repeatable levels by time:
  Lair:6: 2303 daAuts
     D:3: 2193 daAuts
 Swamp:4: 2160 daAuts
   Orc:2: 2083 daAuts
    D:12: 2041 daAuts
    D:15: 2011 daAuts
 Ossuary: 1832 daAuts
    D:14: 1818 daAuts
Spider:1: 1752 daAuts
Spider:4: 1750 daAuts
  Lair:5: 1699 daAuts
Vaults:1: 1698 daAuts
    D:11: 1478 daAuts
  Lair:3: 1466 daAuts
     D:5: 1429 daAuts
